 Dungeon Crawl Stone Soup version 0.26-a0-278-g3b0d5afba5 (webtiles) character file.

Game seed: 1770810726512533220

17668 BritishOli the Fighter (level 12, -7/101 HPs)
             Began as a Hill Orc Fighter on July 12, 2020.
             Killed by divine providence
             ... invoked by an orc priest
              (15 damage)
             ... on level 1 of the Orcish Mines.
             The game lasted 00:13:13 (13737 turns).

BritishOli the Fighter (Hill Orc Fighter)          Turns: 13737, Time: 00:13:14

Health: -7/101     AC: 15    Str: 30    XL:     12   Next: 50%
Magic:  12/12      EV: 10    Int:  8    God:
Gold:   519        SH:  0    Dex: 16    Spells: 11/11 levels left

rFire    . . .     SeeInvis .   I - +4 scimitar (flame)
rCold    . . .     Faith    +   c - +0 kite shield
rNeg     . . .     Spirit   .   N - +0 acid dragon scales
rPois    .         Reflect  .   (helmet restricted)
rElec    .         Harm     .   k - +1 cloak
rCorr    +         Rnd*Rage +   (no gloves)
MR       .....                  Q - +0 pair of boots (curse)
Stlth    ..........             l - amulet of faith
HPRegen  0.26/turn              p - +6 ring of dexterity
MPRegen  0.13/turn              A - +6 ring of strength

@: confused, studying Axes
A: antennae 1, thin metallic scales 1, berserk 1, frail 1
a: Convert to Beogh


You were on level 1 of the Orcish Mines.
You visited 3 branches of the dungeon, and saw 14 of its levels.

You collected 519 gold pieces.

Inventory:

Hand Weapons
 I - a +4 scimitar of flaming (weapon)
Armour
 c - a +0 kite shield (worn)
 k - a +1 cloak (worn)
 N - +0 acid dragon scales (worn)
 Q - a cursed +0 pair of boots (worn)
Jewellery
 h - an uncursed amulet of magic regeneration
 l - an amulet of faith (around neck)
 p - a +6 ring of dexterity (left hand)
 A - a +6 ring of strength (right hand)
 D - the amulet "Fyneuxoka" {Inacc rElec rPois rN+ MP+9}
   (You found it on level 7 of the Dungeon)

   [amulet of inaccuracy]

   It reduces the accuracy of all your attacks.
   It insulates you from electricity.
   It protects you from poison.
   It protects you from negative energy.
   It affects your magic capacity (+9).
 F - an uncursed ring of protection from magic {unknown}
 H - a +6 ring of dexterity
 L - a cursed ring of attention {unknown}
 M - an uncursed ring of magical power {unknown}
 O - an uncursed amulet of guardian spirit {unknown}
Wands
 a - a wand of polymorph (3)
 b - a wand of clouds (1)
 j - a wand of iceblast (10)
 B - a wand of acid (6)
 J - a wand of paralysis (10)
Scrolls
 e - 4 scrolls of magic mapping
 f - 3 scrolls of enchant armour {unknown}
 i - 3 scrolls of remove curse
 n - 5 scrolls of amnesia
 o - a scroll of teleportation
 q - 2 scrolls of fog {unknown}
 s - 7 scrolls of identify
 w - 2 scrolls of enchant weapon {unknown}
 y - a scroll of noise {unknown}
 C - 2 scrolls of immolation {unknown}
 G - 2 scrolls of blinking {unknown}
 R - a scroll of fear {unknown}
Potions
 d - 5 potions of might
 g - 4 potions of degeneration
 m - 2 potions of cancellation
 r - 2 potions of haste {unknown}
 t - 3 potions of brilliance {unknown}
 u - a potion of lignification {unknown}
 v - 2 potions of flight
 x - 2 potions of curing
 z - a potion of heal wounds {unknown}
 K - a potion of berserk rage {unknown}
Books
 E - a manual of Axes
Miscellaneous
 P - a box of beasts


   Skills:
 + Level 12.3 Fighting
 + Level 11.2 Long Blades
 + Level 11.5 Armour
 + Level 11.4 Shields


You had 11 spell levels left.
You didn't know any spells.
Your spell library contained the following spells:

 Spells                   Type           Power        Failure   Level
 Animate Skeleton         Necr           #.....       61%         1
 Apportation              Tloc           #.....       61%         1
 Corona                   Hex            #......      61%         1
 Sandblast                Erth           #.....       61%         1
 Summon Small Mammal      Summ           #...         61%         1
 Passwall                 Tmut/Erth      #.......     75%         2
 Stone Arrow              Conj/Erth      #.....       93%         3
 Petrify                  Tmut/Erth      #.......     100%        4
 Lee's Rapid Deconstruct  Erth           #.........   100%        5


Dungeon Overview and Level Annotations

Branches:
Dungeon (12/15)            Temple (1/1) D:7            Lair (0/6) D:10
    Orc (1/2) D:12

Altars:
Ashenzari
Cheibriados
Dithmenos
Elyvilon
Fedhas
Gozag
Hepliaklqana
Kikubaaqudgha
Makhleb
Nemelex Xobeh
Okawaru
Qazlal
Ru
Sif Muna
Trog
Uskayaw
Vehumet
Wu Jian
Xom
Yredelemnul
Zin
The Shining One

Shops:
D:7 }


Innate Abilities, Weirdness & Mutations

You have a pair of small antennae on your head.
You are partially covered in thin metallic scales. (AC +2)
You tend to lose your temper in combat.
You are frail. (-10% HP)


Message History

The orc no longer looks unusually strong.
The orc wizard hits you but does no damage.
The orc hits you but does no damage.
The orc priest shouts, "Join the one true god or die!"
The orc priest threatens, "By the altar or by the axe, you will meet Beogh!"
You slash the orc! You burn the orc.
You kill the orc!
The orc wizard looks braver for a moment.
The orc wizard closely misses you.
The orc priest mumbles some strange prayers to Beogh against you.
Beogh smites you!
* * * LOW HITPOINT WARNING * * *
The orc wizard gestures at you while chanting.
The magic dart hits you.
* * * LOW HITPOINT WARNING * * *
The orc priest looks braver for a moment.
The orc priest barely misses you.
The orc priest mumbles some strange prayers to Beogh against you.
Beogh smites you!
You die...

**,,*##**##.####
**,,,##.##....#.#*
*,,,,,..........,*
*,≈≈≈≈≈≈≈.....#,**
*,≈**,*#g....##**
#.≈*,,,#≈$..$.##**
#####.≈*,∩,#≈......#,**
##.....≈#,,,#≈ooo..#,,,*
##......≈#####o.@#.....**
#.......≈≈≈≈{≈≈oo#.....,*
............o.o{.....#.**
...#....#..o........##**
..........o.o........#**
.........o..o.....$....**
.....o$..........#.....,*
....o..................,*
.......$.......$.#....,**


You could see 3 orc warriors, 4 orc priests, 3 orc wizards, 3 orcs and a goblin.

Vanquished Creatures
  A hydra (D:12)
  Harold (D:10)
  Erica (D:8)
  An ogre mage (D:11)
  4 two-headed ogres
  Nergalle (D:11)
  2 deep elf magi (D:12)
  A manticore (D:11)
  Maurice (D:11)
  2 centaur zombies (D:12)
  Joseph (D:8)
  A gargoyle (D:10)
  Maggie (D:10)
  A yaktaur (D:11)
  3 kobold demonologists
  3 trolls (D:9)
  3 slime creatures
  4 hippogriffs
  A shadow (D:11)
  3 wyverns
  4 yaks
  2 wargs (D:10)
  3 orc warriors
  5 ogres
  4 centaurs
  5 big kobolds
  9 bullfrogs
  5 scorpions
  8 wights
  A killer bee (D:11)
  5 howler monkeys
  8 orc priests
  5 bullfrog skeletons
  A centaur skeleton (D:11)
  6 jellies
  A quasit (D:6)
  2 bullfrog zombies
  5 hounds
  10 orc wizards
  3 iguanas
  Jessica (D:2)
  10 worker ants
  A mummy (D:5)
  3 hound skeletons
  Robin (D:2)
  3 gnolls (D:8)
  A howler monkey skeleton (D:6)
  5 adders
  A howler monkey zombie (D:5)
  A shadow imp (D:8)
  A white imp (D:6)
  5 ufetubi
  2 oozes (D:4)
  An adder zombie (D:5)
  2 adder skeletons (D:5)
  2 worms
  A dart slug (D:1)
  5 leopard geckos
  50 orcs
  A ball python (D:3)
  3 bats
  9 giant cockroaches
  10 goblins
  10 hobgoblins
  3 jackals (D:3)
  5 quokkas
  6 frilled lizards
  A hobgoblin zombie (D:5)
  20 kobolds
  An orc zombie (D:5)
  9 rats
302 creatures vanquished.

Vanquished Creatures (others)
  A plant (D:10)
1 creature vanquished.

Grand Total: 303 creatures vanquished

Notes
Turn   | Place    | Note
-------+----------+-------------------------------------------
     0 | D:1      | BritishOli the Hill Orc Fighter began the quest for the
                  | Orb.
     0 | D:1      | Reached XP level 1. HP: 19/19 MP: 1/1
    66 | D:1      | Reached XP level 2. HP: 20/27 MP: 2/2
   557 | D:1      | Reached skill level 4 in Fighting
   764 | D:2      | Reached XP level 3. HP: 29/33 MP: 3/3
   906 | D:2      | Noticed Jessica
   909 | D:2      | Noticed Robin
   929 | D:2      | Killed Robin
   935 | D:2      | Killed Jessica
   935 | D:2      | Reached XP level 4. HP: 19/40 MP: 4/4
  1120 | D:2      | Found a snail-covered altar of Cheibriados.
  1120 | D:2      | Found a shimmering altar of Xom.
  1120 | D:2      | Found a sacrificial altar of Ru.
  2152 | D:3      | Reached XP level 5. HP: 46/47 MP: 5/5
  3135 | D:4      | Reached skill level 5 in Fighting
  3135 | D:4      | Reached XP level 6. HP: 45/56 MP: 6/6
  3401 | D:4      | Found a hazy altar of Hepliaklqana.
  3500 | D:5      | Entered Level 5 of the Dungeon
  3826 | D:5      | Reached skill level 5 in Armour
  3826 | D:5      | Reached skill level 5 in Shields
  3844 | D:5      | Reached XP level 7. HP: 61/61 MP: 7/7
  3858 | D:5      | Found a bloodstained altar of Trog.
  4980 | D:5      | Reached skill level 6 in Fighting
  5007 | D:6      | Reached skill level 5 in Long Blades
  5184 | D:6      | Reached XP level 8. HP: 40/71 MP: 8/8
  5602 | D:6      | Gained mutation: You are partially covered in molten
                  | scales. (AC +2) [potion of mutation]
  5602 | D:6      | Gained mutation: You are agile. (Dex +2) [potion of
                  | mutation]
  6151 | D:6      | Reached skill level 7 in Fighting
  6703 | D:7      | Got a smoking ruby amulet
  6899 | D:7      | Found Utheplik's Gadget Shop.
  6943 | D:7      | Reached XP level 9. HP: 75/79 MP: 9/9
  7210 | D:7      | Found a staircase to the Ecumenical Temple.
  7224 | Temple   | Entered the Ecumenical Temple
  7589 | D:8      | Reached skill level 8 in Fighting
  8695 | D:8      | Noticed Erica
  8717 | D:8      | Killed Erica
  9042 | D:8      | Reached skill level 9 in Fighting
  9175 | D:8      | Noticed Joseph
  9194 | D:8      | Killed Joseph
  9194 | D:8      | Reached XP level 10. HP: 75/91 MP: 10/10
  9566 | D:9      | Noticed a two-headed ogre
  9572 | D:9      | Killed a two-headed ogre
  9735 | D:9      | Noticed a two-headed ogre
  9743 | D:9      | Killed a two-headed ogre
 10015 | D:9      | Reached skill level 10 in Fighting
 10630 | D:10     | Entered Level 10 of the Dungeon
 10690 | D:10     | Noticed Maggie
 10692 | D:10     | Noticed Harold
 10700 | D:11     | Noticed Maurice
 10701 | D:11     | Reached XP level 11. HP: 95/101 MP: 11/11
 10768 | D:10     | Killed Harold
 11097 | D:11     | Identified the amulet "Fyneuxoka" {Inacc rElec rPois rN+
                  | MP+9} (You found it on level 7 of the Dungeon)
 11105 | D:11     | Killed Maurice
 11105 | D:11     | Reached skill level 10 in Armour
 11105 | D:11     | Reached skill level 10 in Shields
 11249 | D:11     | Noticed a soul eater
 11257 | D:11     | Noticed a soul eater
 11308 | D:10     | Killed Maggie
 11421 | D:10     | Reached skill level 11 in Fighting
 11660 | D:10     | Found a staircase to the Lair.
 11889 | D:10     | Lost mutation: You are partially covered in molten scales.
                  | (AC +2) [potion of mutation]
 11889 | D:10     | Lost mutation: You are agile. (Dex +2) [potion of mutation]
 11889 | D:10     | Gained mutation: You can translocate small distances at
                  | will. [potion of mutation]
 11889 | D:10     | Gained mutation: Your muscles are strong. (Str +2) [potion
                  | of mutation]
 11889 | D:10     | Gained mutation: You are frail. (-10% HP) [potion of
                  | mutation]
 11889 | D:10     | Gained mutation: You have a pair of small antennae on your
                  | head. [potion of mutation]
 11890 | D:10     | Lost mutation: Your muscles are strong. (Str +2) [potion of
                  | mutation]
 11890 | D:10     | Lost mutation: You can translocate small distances at will.
                  | [potion of mutation]
 11890 | D:10     | Gained mutation: You tend to lose your temper in combat.
                  | [potion of mutation]
 11890 | D:10     | Gained mutation: You are partially covered in thin metallic
                  | scales. (AC +2) [potion of mutation]
 12038 | D:10     | Reached skill level 10 in Long Blades
 12146 | D:10     | Noticed a sun demon
 12496 | D:11     | Noticed Nergalle
 12498 | D:11     | Found a sacrificial altar of Ru.
 12513 | D:11     | Killed Nergalle
 12673 | D:11     | Noticed a two-headed ogre
 12683 | D:11     | Killed a two-headed ogre
 12835 | D:11     | Noticed an ogre mage
 12844 | D:11     | Killed an ogre mage
 12852 | D:11     | Reached XP level 12. HP: 89/99 MP: 12/12
 13230 | D:12     | Reached skill level 12 in Fighting
 13238 | D:12     | Noticed an eight-headed hydra
 13247 | D:12     | Killed a three-headed hydra
 13459 | D:12     | Noticed a two-headed ogre
 13471 | D:12     | Killed a two-headed ogre
 13685 | D:12     | Found a staircase to the Orcish Mines.
 13713 | Orc:1    | Entered Level 1 of the Orcish Mines
 13713 | Orc:1    | Noticed an orc warlord
 13737 | Orc:1    | Killed from afar by an orc priest

Illustrated notes

Levels and vault maps discovered:
D:1:      dpeg_arrival_shelter, layout_rooms
D:2:      layout_loops_ring, gammafunk_temple_overflow_forgotten,
          minmay_strange_pillars, uniq_robin, uniq_jessica
D:3:      layout_basic
D:4:      layout_basic, lemuel_crystal_altar, serial_curves, eino_curves_04,
          eino_curves_02
D:5:      layout_basic, nicolae_ossuary_entry_giza, serial_undead,
          serial_undead_e, serial_undead_c, serial_undead_c, serial_undead_f,
          trog_butcher_becter
D:6:      layout_rooms, st_stairs_12, minivault_11
D:7:      layout_loops_cross, minmay_temple_entry_statues, serial_shops, shop,
          minmay_manual_mares
D:8:      layout_basic, uniq_joseph, uniq_erica
D:9:      layout_basic
D:10:     layout_basic, erik_lair_orcish_takeover, uniq_harold, uniq_maggie
D:11:     layout_cross, basic_altar, minmay_shattered_shrine, uniq_nergalle,
          uniq_maurice
D:12:     kennysheep_room_grid, layout_rooms, david_orc_3, drop_trap,
          minmay_ruined_shrine
Temple:   regret_index_temple_mists
Orc:1:    layout_caves, enter_bailey_3

Skill      XL: |  1  2  3  4  5  6  7  8  9 10 11 12 |
---------------+-------------------------------------+-----
Fighting       | 4 5 6 7 9 10 11 12 | 12.3
Long Blades    | 3 4 5 6 8 9 10 11 | 11.2
Armour         | 4 5 6 8 9 10 11 | 11.5
Shields        | 4 5 6 8 9 10 11 | 11.4

Action                   |  1- 3 |  4- 6 |  7- 9 | 10-12 || total
-------------------------+-------+-------+-------+-------++-------
Melee: Long sword        |    84 |   266 |   405 |       ||   755
       Scimitar          |       |       |    27 |   361 ||   388
Evoke: Wand              |       |       |       |     3 ||     3
  Use: Potion            |       |       |     6 |     2 ||     8
       Scroll            |       |       |       |     6 ||     6
Armor: Scale mail        |    37 |   135 |   215 |    59 ||   446
       Acid dragon scale |       |       |       |    76 ||    76
Dodge: Dodged            |    23 |    82 |   155 |    87 ||   347
Block: Kite shield       |    49 |   130 |   340 |   236 ||   755
       Rpst.: Long sword |     7 |    23 |    45 |       ||    75
       Scimitar          |       |       |       |    15 ||    15

Table legend:
 A = Non-vault XP
 B = Vault XP
 C = Vault XP percentage of total XP
 D = Non-vault monster count
 E = Vault monster count
 F = Vault count percentage of total count
                 A         B        C        D         E       F
            +---------+---------+-------+---------+---------+-------
      Total |   16540 |    8700 |  34.5 |     244 |      58 |  19.2
            +---------+---------+-------+---------+---------+-------
        D:1 |      33 |       0 |   0.0 |      20 |       0 |   0.0
        D:2 |      47 |      66 |  58.4 |      18 |      10 |  35.7
        D:3 |      47 |       0 |   0.0 |      18 |       0 |   0.0
        D:4 |     151 |       0 |   0.0 |      15 |       0 |   0.0
        D:5 |     474 |     115 |  19.5 |      19 |      12 |  38.7
        D:6 |     996 |       0 |   0.0 |      27 |       0 |   0.0
        D:7 |     371 |     218 |  37.0 |      10 |       2 |  16.7
        D:8 |    1198 |    1362 |  53.2 |      30 |       2 |   6.2
        D:9 |    4017 |       0 |   0.0 |      38 |       0 |   0.0
       D:10 |    2959 |    1966 |  39.9 |      29 |      10 |  25.6
       D:11 |    1727 |    3903 |  69.3 |       9 |      12 |  57.1
       D:12 |    4517 |    1070 |  19.2 |      10 |      10 |  50.0
      Orc:1 |       3 |       0 |   0.0 |       1 |       0 |   0.0
            +---------+---------+-------+---------+---------+-------
